 Dungeon Crawl Stone Soup version 0.31-a0-128-g25add195a6 (webtiles) character file.

Game seed: 17937884009048813078

12341 ryw the Fighter (level 11, 0/85 HPs)
             Began as a Demonspawn Monk on June 2, 2023.
             Was a Priest of Hepliaklqana.
             Slain by a fire giant
             ... wielding a +1 great sword of flaming
              (7 damage)
             ... on level 11 of the Dungeon.
             The game lasted 00:15:27 (10619 turns).

ryw the Fighter (Demonspawn Monk)                  Turns: 10619, Time: 00:15:28

Health: 0/85       AC: 13    Str: 15    XL:     11   Next: 61%
Magic:  0/11       EV: 17    Int: 12    God:    Hepliaklqana [***...]
Gold:   832        SH:  0    Dex: 16    Spells: 10/10 levels left

rFire   . . .        q - +2 broad axe (freeze)
rCold   . . .        c - orb {light}
rNeg    . . .        o - +0 steam dragon scales
rPois   .            (helmet restricted)
rElec   .            K - +0 cloak
rCorr   .            O - +1 pair of gloves
SInv    +            f - +2 pair of boots
Will    +....        x - amulet of the acrobat
Stlth   +            s - ring of willpower
HPRegen 0.34/turn    d - ring of see invisible
MPRegen 0.24/turn

%: acrobat, guardian spirit
@: glowing
A: reduced essence, antennae 2, icy blue scales 1, magic shield, magic
regeneration, condensation shield
a: Renounce Religion, Recall Ancestor, Ancestor Identity, Transference


You were on level 11 of the Dungeon.
You worshipped Hepliaklqana.
Hepliaklqana was most pleased with you.
You visited 3 branches of the dungeon, and saw 14 of its levels.

You collected 832 gold pieces.

Inventory:

Hand Weapons
 q - a +2 broad axe of freezing (weapon)
Missiles
 w - 5 javelins (quivered)
 D - 10 poisoned darts
Armour
 c - an orb of light (worn)
 f - a +2 pair of boots (worn)
 m - a +2 pair of boots
 o - +0 steam dragon scales (worn)
 K - a +0 cloak (worn)
 L - a +0 plate armour
 O - a +1 pair of gloves (worn)
Magical Staves
 v - a staff of poison
Jewellery
 d - a ring of see invisible (right hand)
 r - a ring of protection from cold
 s - a ring of willpower (left hand)
 t - a ring of ice
 x - an amulet of the acrobat (around neck)
 B - a +6 ring of intelligence
Wands
 y - a wand of polymorph (16)
 G - a wand of iceblast (27)
 J - a wand of flame (24)
 N - a wand of charming (7)
Scrolls
 a - 2 scrolls of fog
 k - a scroll of silence
 l - 3 scrolls of teleportation
 u - 4 scrolls of blinking
 E - a scroll of fear
 F - a scroll of identify
 H - a scroll of poison
 M - a scroll of magic mapping {unknown}
Potions
 b - a potion of ambrosia
 e - a potion of cancellation
 h - 3 potions of brilliance
 i - 5 potions of heal wounds
 j - 3 potions of degeneration
 n - 2 potions of lignification
 p - 2 potions of attraction
 z - a potion of berserk rage
 A - 7 potions of curing
 C - 5 potions of haste
 I - a potion of magic


   Skills:
 + Level 11.8 Fighting
 * Level 9.7(9.8) Axes
 - Level 1.3(6.2) Maces & Flails
 + Level 9.9 Dodging
 - Level 2.6 Unarmed Combat


You had 10 spell levels left.
You didn't know any spells.
Your spell library contained the following spells:

 Spells                   Type           Power      Damage    Failure   Level
 Freeze                   Ice            0%         1d3       32%         1
 Poisonous Vapours        Pois/Air       0%         N/A       45%         2
 Scorch                   Fire           0%         2d5       45%         2
 Frozen Ramparts          Ice            0%         1d1       69%         3
 Hailstorm                Conj/Ice       0%         3d3       69%         3
 Mephitic Cloud           Conj/Pois/Air  0%         N/A       69%         3
 Portal Projectile        Hex/Tloc       0%         N/A       69%         3
 Tukima's Dance           Hex            0%         N/A       69%         3
 Flame Wave               Conj/Fire      0%         2d4       97%         4
 Leda's Liquefaction      Hex/Erth       0%         N/A       97%         4
 Petrify                  Tmut/Erth      0%         N/A       97%         4
 Blade Hands              Tmut           0%         N/A       100%        5
 Freezing Cloud           Conj/Ice/Air   0%         6-21      100%        5
 Lee's Rapid Deconstruct  Erth           0%         3d4*      100%        5
 Metabolic Englaciation   Hex/Ice        0%         N/A       100%        5
 Leda's Unmaking          Conj/Erth      0%         9d1       100%        6
 Statue Form              Tmut/Erth      0%         N/A       100%        6
 Summon Cactus Giant      Summ           0%         N/A       100%        6


Dungeon Overview and Level Annotations

Branches:
Dungeon (11/15)            Temple (1/1) D:7            Lair (0/5) D:11
    Orc (2/2) D:10
    Elf: Orc:2

Altars:
Ashenzari
Cheibriados
Dithmenos
Fedhas
Gozag
Hepliaklqana
Kikubaaqudgha
Makhleb
Nemelex Xobeh
Okawaru
Qazlal
Ru
Sif Muna
Trog
Uskayaw
Vehumet
Wu Jian
Xom
Yredelemnul

Annotations:
D:8 2 transporters
D:9 3 runed translucent doors, IdlyInterested's ghost, novice DsWn


Innate Abilities, Weirdness & Mutations

Your life essence is reduced to manifest your ancestor. (-10% HP)
You have a pair of antennae on your head.
You are partially covered in icy blue scales. (AC +2)
When hurt, damage is shared between your health and your magic reserves.
You regenerate magic rapidly.
A meltable shield of frost defends you. (SH +0)


Message History

ChunkyMonkey's ghost hits Publia!
You hear a shout!
You hit chunkyMonkey's ghost but do no damage.
ChunkyMonkey's ghost is almost destroyed.
Publia barely misses chunkyMonkey's ghost.
Publia hits chunkyMonkey's ghost but does no damage.
ChunkyMonkey's ghost hits Publia!
You hit chunkyMonkey's ghost. You freeze chunkyMonkey's ghost.
ChunkyMonkey's ghost is almost destroyed.
Publia hits chunkyMonkey's ghost but does no damage. x2
A fire giant comes into view.
It is wielding a +1 great sword of flaming.
ChunkyMonkey's ghost hits Publia!
Publia is destroyed!
ChunkyMonkey's ghost turns its malevolent gaze towards you.
The fire giant shouts!
You hit chunkyMonkey's ghost but do no damage.
ChunkyMonkey's ghost is almost destroyed.
ChunkyMonkey's ghost hits you but does no damage.
You slash chunkyMonkey's ghost! You freeze chunkyMonkey's ghost.
You destroy chunkyMonkey's ghost!
You slash the fire giant! You freeze the fire giant.
The fire giant is lightly wounded.
The fire giant misses you.
You hit the fire giant but do no damage.
The fire giant is lightly wounded.
The fire giant points at you and mumbles some strange words.
The bolt of fire hits you!!
Your condensation shield dissipates!
You slash the fire giant! You freeze the fire giant.
The fire giant is moderately wounded.
The fire giant hits you with a +1 great sword of flaming!!
The fire giant burns you!
You are too injured to fight recklessly!
You are too injured to fight recklessly!
You hit the fire giant but do no damage.
The fire giant is moderately wounded.
The fire giant hits you with a +1 great sword of flaming!!
* * * LOW HITPOINT WARNING * * *
The fire giant burns you!
You die...

###.#..##........
#.#..##.#....<.
#.#..##.#.#####
##.#..##.#.#
########.....##.#.#
...^.........##...#
########§..#.####.#
§§#§§§....# #.#
§§C@§§.#### #.#####
§§#§§### #......
###§## ####### #.#
#.# #.# #.# #.#


You could see a fire giant.

Vanquished Creatures
  The ghost of chunkyMonkey the Protected, a journeyman MeFi of Okawaru (D:11)
  2 two-headed ogres
  An ugly thing (D:11)
  Maurice (D:8)
  A gargoyle (D:10)
  A troll (D:11)
  Grinder (D:3)
  A wraith (D:9)
  17 yaks
  2 wyverns
  2 steam dragons (D:6)
  Menkaure (D:6)
  2 water moccasins
  2 black bears
  3 ice beasts
  5 orc warriors
  7 ogres
  4 centaurs
  A kobold brigand (D:11)
  4 scorpions
  4 bullfrogs
  3 wights
  12 killer bees
  6 hounds
  2 gnoll boudas
  6 orc priests
  2 sleepcaps
  2 iguanas
  9 orc wizards
  11 gnolls
  10 adders
  A shadow imp (D:8)
  3 worms
  3 dart slugs
  30 orcs
  3 ball pythons
  5 bats
  3 endoplasms
  3 giant cockroaches
  7 goblins
  6 hobgoblins
  4 jackals (D:3)
  9 kobolds
  2 quokkas
  4 frilled lizards
  4 rats
213 creatures vanquished.

Vanquished Creatures (collateral kills)
  A shadow (D:10)
  3 yaks
  A water moccasin (D:7)
  A black bear (D:8)
  2 orc warriors
  An ogre (D:7)
  A bullfrog (D:8)
  A gnoll sergeant (D:9)
  2 wights (D:7)
  2 killer bees
  2 orc priests
  2 orc wizards (D:7)
  2 iguanas (D:7)
  3 gnolls
  6 orcs
30 creatures vanquished.

Vanquished Creatures (others)
  An orc wizard (D:7)
  4 hexers
5 creatures vanquished.

Grand Total: 248 creatures vanquished

Notes
Turn   | Place    | Note
-------+----------+-------------------------------------------
     0 | D:1      | ryw the Demonspawn Monk began the quest for the Orb.
     0 | D:1      | Reached XP level 1. HP: 18/18 MP: 1/1
   158 | D:1      | Gained mutation: A meltable shield of frost defends you.
                  | (SH +0) [demonic ancestry]
   158 | D:1      | Reached XP level 2. HP: 22/24 MP: 2/2
  1019 | D:2      | Gained mutation: You have a pair of small antennae on your
                  | head. [demonic ancestry]
  1019 | D:2      | Reached XP level 3. HP: 27/30 MP: 1/3
  1401 | D:2      | Found a faded altar of an unknown god.
  1479 | D:3      | Noticed Grinder
  1489 | D:3      | Paralysed by Grinder for 5 turns
  1500 | D:3      | Reached skill level 4 in Fighting
  1500 | D:3      | Killed Grinder
  1501 | D:3      | Reached skill level 5 in Fighting
  1501 | D:3      | Gained mutation: You regenerate magic rapidly. [demonic
                  | ancestry]
  1501 | D:3      | Reached XP level 4. HP: 15/39 MP: 2/4
  1501 | D:3      | Gained mutation: When hurt, damage is shared between your
                  | health and your magic reserves. [demonic ancestry]
  1501 | D:3      | Reached XP level 5. HP: 17/44 MP: 2/5
  1931 | D:3      | Reached XP level 6. HP: 46/51 MP: 6/6
  2324 | D:3      | Found a shadowy altar of Dithmenos.
  2325 | D:3      | Found a snail-covered altar of Cheibriados.
  2423 | D:4      | Reached skill level 5 in Dodging
  2495 | D:4      | Reached skill level 1 in Axes
  2608 | D:4      | Found a shimmering altar of Xom.
  2611 | D:4      | Found a basalt altar of Yredelemnul.
  2614 | D:4      | Found an ancient bone altar of Kikubaaqudgha.
  2617 | D:4      | Found an ornate altar of the Wu Jian Council.
  2705 | D:4      | Reached skill level 6 in Fighting
  2770 | D:4      | Noticed an orc warrior
  2779 | D:4      | Reached XP level 7. HP: 11/58 MP: 2/7
  3733 | D:5      | Entered Level 5 of the Dungeon
  3795 | D:5      | Reached skill level 7 in Fighting
  3922 | D:5      | Reached skill level 1 in Maces & Flails
  4492 | D:6      | Found a sparkling altar of Nemelex Xobeh.
  4530 | D:6      | Gained mutation: You are partially covered in icy blue
                  | scales. (AC +2) [demonic ancestry]
  4530 | D:6      | Reached XP level 8. HP: 67/67 MP: 8/8
  4615 | D:6      | Found a burning altar of Makhleb.
  4712 | D:6      | Reached skill level 8 in Fighting
  5143 | D:6      | Noticed Menkaure
  5148 | D:6      | Killed Menkaure
  5283 | D:6      | Gained mutation: You have a pair of antennae on your head.
                  | [demonic ancestry]
  5283 | D:6      | Reached XP level 9. HP: 72/75 MP: 9/9
  5527 | D:7      | Found a staircase to the Ecumenical Temple.
  5566 | Temple   | Entered the Ecumenical Temple
  5571 | Temple   | Became a worshipper of Hepliaklqana the Forgotten
  5571 | Temple   | Reached * piety under Hepliaklqana
  5571 | Temple   | Reached ** piety under Hepliaklqana
  5572 | Temple   | Remembered your ancestor Publia as a hexer
  5603 | D:7      | Reached skill level 9 in Fighting
  6387 | D:8      | Reached skill level 10 in Fighting
  6410 | D:8      | Noticed a cyclops
  6413 | D:8      | Found a transporter.
  6413 | D:8      | Noticed a troll
  6418 | D:8      | Noticed a white ugly thing
  6424 | D:8      | Noticed a manticore
  6424 | D:8      | Noticed a boulder beetle
  6457 | D:8      | Found a transporter.
  6464 | D:8      | Noticed Maurice
  6472 | D:8      | Killed Maurice
  6473 | D:8      | Reached skill level 5 in Axes
  6490 | D:8      | Found a bloodstained altar of Trog.
  6705 | D:8      | Reached XP level 10. HP: 58/76 MP: 7/10
  7507 | D:9      | Reached *** piety under Hepliaklqana
  7528 | D:9      | Noticed a two-headed ogre
  7536 | D:9      | Killed a two-headed ogre
  7970 | D:9      | Found a runed translucent gate.
  7971 | D:9      | Found a runed translucent gate.
  7971 | D:9      | Found a runed translucent gate.
  7973 | D:9      | Noticed IdlyInterested's ghost (novice DsWn)
  8042 | D:9      | Reached skill level 11 in Fighting
  8365 | D:10     | Entered Level 10 of the Dungeon
  8586 | D:10     | Reached XP level 11. HP: 61/83 MP: 6/11
  8616 | D:10     | Found a staircase to the Orcish Mines.
  8836 | D:10     | Noticed a two-headed ogre
  8843 | D:10     | Killed a two-headed ogre
  8938 | D:10     | Found a broken altar of Ashenzari.
  9865 | Orc:1    | Entered Level 1 of the Orcish Mines
 10239 | Orc:2    | Entered Level 2 of the Orcish Mines
 10239 | Orc:2    | Noticed an orc knight
 10239 | Orc:2    | Noticed an orc sorcerer
 10242 | Orc:2    | Noticed an orc sorcerer
 10242 | Orc:2    | Noticed an orc high priest
 10355 | D:11     | Noticed a red ugly thing
 10363 | D:11     | Killed a red ugly thing
 10456 | D:11     | Found a staircase to the Lair.
 10581 | D:11     | Found a runed translucent door.
 10587 | D:11     | Noticed chunkyMonkey's ghost (journeyman MeFi)
 10613 | D:11     | Noticed a fire giant
 10615 | D:11     | Killed chunkyMonkey's ghost
 10619 | D:11     | Slain by a fire giant

Illustrated notes

Levels and vault maps discovered:
D:1:      doesnt_arrival_eight_statues, layout_basic, serial_forest,
          infiniplex_forest_lined_3_way, infiniplex_forest_clump_C,
          infiniplex_forest_end_2, infiniplex_forest_clump_diagonal,
          infiniplex_forest_clump_tiny, infiniplex_forest_straight_4,
          infiniplex_forest_clump_small
D:2:      layout_basic, ebering_ecumenical_altar_hall
D:3:      layout_basic, grunt_temple_overflow_open, uniq_grinder
D:4:      layout_basic, grunt_temple_overflow_cloverleaf,
          minmay_fractal_squares_diagonal_5
D:5:      layout_basic
D:6:      layout_gridville, mainiacjoe_overflow_chevrons, amcnicky_altar_gilded,
          cheibrodos_sewer_entry_drain, nicolae_kite_square_tiling_tiny,
          hangedman_decor_growths, dreamdust_gnoll_farm, uniq_menkaure
D:7:      layout_cave_pools, minmay_temple_entry_mini_moons
D:8:      gammafunk_sealed_arena, layout_cave_pools, trog_ov_bears_minmay,
          nicolae_titane, uniq_maurice
D:9:      layout_loops_cross, ebering_ghost_rock_garden,
          nicolae_nh_ransacked_shop
D:10:     layout_basic, kennysheep_little_box, erik_orc_3
D:11:     layout_loops_ring, grunt_lair_entry_orc_guard_hut,
          gauntlet_entry_generic, serial_shops, shop_statue,
          ebering_ghost_inner_flame, nicolae_elyvilon_temple_path
Temple:   hellmonk_temple_two_chambers
Orc:1:    layout_diamond_mine
Orc:2:    grunt_orc_gardens, layout_diamond_mine, grunt_orc_garden,
          grunt_orc_garden, grunt_orc_garden, grunt_orc_garden, basic_altar,
          serial_shops, shop, uniq_rupert

Skill      XL: |  1  2  3  4  5  6  7  8  9 10 11 |
---------------+----------------------------------+-----
Dodging        | 3 4 5 6 8 9 |  9.9
Fighting       | 5 6 7 8 10 11 | 11.8
Axes           | 2 3 4 5 8 9 |  9.7
Maces & Flails | 1 |  1.3
Unarmed Combat | |  2.6

Action                     |  1- 3 |  4- 6 |  7- 9 | 10-12 || total
---------------------------+-------+-------+-------+-------++-------
  Melee: Unarmed           |    60 |       |       |       ||    60
         Broad axe         |    43 |    51 |   204 |   278 ||   576
  Throw: Javelin           |     1 |       |       |       ||     1
 Invoke: Ancestor Life: He |       |       |     1 |       ||     1
         Recall Ancestor   |       |       |       |     1 ||     1
    Use: Scroll            |       |       |    23 |     2 ||    25
         Potion            |       |       |     3 |       ||     3
   Stab: Confused          |       |       |     1 |    14 ||    15
         Distracted        |       |       |     1 |     1 ||     2
 Armour: Robe              |    33 |     2 |       |       ||    35
         Leather armour    |       |     6 |    37 |       ||    43
         Steam dragon scal |       |       |    36 |    66 ||   102
  Dodge: Dodged            |    57 |    37 |   211 |   225 ||   530
  Block: Orb               |    16 |    15 |    34 |    46 ||   111

Table legend: (Time is in decaauts)
 A = Elapsed time spent in this place.
 B = Non-inter-level travel time spent in this place.
 C = Inter-level travel time spent in this place.
 D = Time resting spent in this place.
 E = Time spent auto-exploring this place.
 F = Levels seen in this place.
 G = Mean time per level.
                   A        B        C        D        E       F      G
               +--------+--------+--------+--------+--------+-----+--------+
         Total |  10825 |  10522 |    303 |    952 |   7811 |  14 |  773.2 |
       Dungeon |  10495 |  10251 |    244 |    952 |   7608 |  11 |  954.1 |
        Temple |     18 |     14 |      4 |      0 |      0 |   1 |   18.0 |
  Orcish Mines |    311 |    256 |     55 |      0 |    203 |   2 |  155.5 |
               +--------+--------+--------+--------+--------+-----+--------+

Top non-repeatable levels by time:
    D:10: 1699 daAuts
     D:4: 1386 daAuts
     D:6: 1322 daAuts
     D:8: 1119 daAuts
     D:9: 918 daAuts
     D:3: 911 daAuts
     D:1: 841 daAuts
     D:5: 722 daAuts
     D:2: 652 daAuts
     D:7: 647 daAuts
   Orc:1: 307 daAuts
    D:11: 273 daAuts
  Temple: 18 daAuts
   Orc:2: 3 daAuts
